 Dungeon Crawl Stone Soup version 0.30-a0-591-g3c58d2bc28 (webtiles) character file.

Game seed: 15887601885229186508

51 Newt the Trooper (level 3, -4/29 HPs)
             Began as a Demonspawn Gladiator on Jan 4, 2023.
             Slain by a gnoll
             ... wielding a +0 flail
              (5 damage)
             ... on level 2 of the Dungeon.
             The game lasted 00:01:35 (1995 turns).

Newt the Trooper (Demonspawn Gladiator)             Turns: 1995, Time: 00:01:36

Health: -4/29      AC:  4    Str: 14    XL:     3   Next: 57%
Magic:  3/3        EV: 10    Int:  9    God:
Gold:   94         SH:  7    Dex: 16    Spells: 2/2 levels left

rFire   . . .      SeeInvis .    a - +0 rapier
rCold   . . .      Faith    .    m - +0 kite shield
rNeg    . . .      Spirit   .    b - +0 leather armour
rPois   .          Reflect  .    c - +0 helmet
rElec   .          Harm     .    k - scarf {shadows}
rCorr   .          Rampage  .    (no gloves)
Will    .....                    (no boots)
Stlth   ++                       (no amulet)
HPRegen 0.24/turn                (no ring)
MPRegen 0.08/turn                (no ring)

@: no status effects
A: hooves 1
a: no special abilities


You were on level 2 of the Dungeon.
You visited 1 branch of the dungeon, and saw 2 of its levels.

You collected 94 gold pieces.

Inventory:

Hand Weapons
 a - a +0 rapier (weapon)
Missiles
 d - 3 throwing nets (quivered)
 e - a javelin
Armour
 b - a +0 leather armour (worn)
 c - a +0 helmet (worn)
 h - a +0 chain mail
 k - a scarf of shadows (worn)
 m - a +0 kite shield (worn)
Jewellery
 i - an amulet of guardian spirit
Scrolls
 f - a scroll of summoning {unknown}
 g - a scroll of identify {unknown}
 l - a scroll of teleportation {unknown}
 n - a scroll of immolation {unknown}
Potions
 j - a potion of mutation {unknown}


   Skills:
 + Level 3.3 Fighting
 - Level 2.6 Short Blades
 - Level 1.7 Throwing
 - Level 2.6 Dodging
 - Level 2.0 Stealth


You had 2 spell levels left.
You didn't know any spells.
Your spell library was empty.

Dungeon Overview and Level Annotations

Branches:
Dungeon (2/15)

Altars:

Shops:
D:1 *


Innate Abilities, Weirdness & Mutations

You have large cloven feet.


Message History

2 gnolls come into view.
Found a robe.
You see here a quokka corpse.
There are monsters nearby!
A gnoll comes into view. It is wielding a +0 flail.
Found a blue potion.
The gnoll shouts!
You see here a quokka corpse.
The gnoll shouts!
You hit the gnoll.
The gnoll is moderately wounded.
You block the gnoll's attack. x2
You barely miss the gnoll. Your kick misses the gnoll.
The gnoll is moderately wounded.
The gnoll barely misses you.
You hit the gnoll.
The gnoll is heavily wounded.
The gnoll closely misses you.
You hit the gnoll.
The gnoll is severely wounded.
The gnoll hits you with a +0 flail!
You closely miss the gnoll.
The gnoll is severely wounded.
You block the gnoll's attack. The gnoll barely misses you.
You barely miss the gnoll.
The gnoll is severely wounded.
The gnoll hits you with a +0 flail.
You hit the gnoll. You kick the gnoll.
The gnoll is almost dead.
The gnoll hits you with a +0 flail!
You hit the gnoll but do no damage.
The gnoll is almost dead.
The gnoll hits you with a +0 flail.
* * * LOW HITPOINT WARNING * * *
You hit the gnoll but do no damage.
The gnoll is almost dead.
The gnoll hits you with a +0 flail!
* * * LOW HITPOINT WARNING * * *
The gnoll hits you with a +0 flail.
You die...

#.#...........#
#.#.#.###..#...##
#..........##.##
#####.#######.#
#......# #.#
#.#.##.# #+##
#...##.##...##
##..###.#.....##
#...@ggg.......#
#....###........!
#......
+.........
##...##
#......[.. ##..
##.......# ##.
##.....## #
##...## #+##


You could see 3 gnolls.

Vanquished Creatures
  A gnoll (D:1)
  A worm (D:2)
  2 dart slugs
  4 endoplasms
  3 giant cockroaches (D:1)
  A goblin (D:1)
  2 hobgoblins
  4 jackals (D:2)
  A kobold (D:1)
  A quokka (D:2)
  2 ball pythons
  A bat (D:2)
  4 frilled lizards
  6 rats
33 creatures vanquished.

Notes
Turn   | Place    | Note
-------+----------+-------------------------------------------
     0 | D:1      | Newt the Demonspawn Gladiator began the quest for the Orb.
     0 | D:1      | Reached XP level 1. HP: 16/16 MP: 1/1
    53 | D:1      | Reached skill level 1 in Stealth
   187 | D:1      | Discovered your monstrous ancestry.
   187 | D:1      | Gained mutation: You have large cloven feet. [demonic
                  | ancestry]
   187 | D:1      | Reached XP level 2. HP: 21/22 MP: 2/2
   560 | D:1      | Found Busseypa's General Store.
   841 | D:1      | Reached XP level 3. HP: 28/28 MP: 3/3
  1348 | D:2      | Reached skill level 3 in Fighting
  1995 | D:2      | HP: 1/29 [gnoll/+0 flail (7)]
  1995 | D:2      | Slain by a gnoll

Illustrated notes

Levels and vault maps discovered:
D:1:      dpeg_arrival_short_road, layout_basic, serial_shops, shop
D:2:      layout_loops_corners, item_on_display_a

Skill      XL: |  1  2  3 |
---------------+----------+-----
Stealth        | 1 2 |  2.0
Fighting       | 3 |  3.3
Short Blades   | |  2.6
Throwing       | |  1.7
Dodging        | |  2.6

Action                   || total
-------------------------++-------
Melee: Rapier            ||   101
       Punch             ||     2
       Kick              ||    18
Throw: Throwing net      ||     3
 Stab: Sleeping          ||     6
Armor: Leather armour    ||    19
Dodge: Dodged            ||    44
Block: Kite shield       ||     3

Table legend: (Time is in decaauts)
 A = Elapsed time spent in this place.
 B = Non-inter-level travel time spent in this place.
 C = Inter-level travel time spent in this place.
 D = Time resting spent in this place.
 E = Time spent auto-exploring this place.
 F = Levels seen in this place.
 G = Mean time per level.
                   A        B        C        D        E       F      G
               +--------+--------+--------+--------+--------+-----+--------+
         Total |   2003 |   1871 |    132 |    534 |   1073 |   2 | 1001.5 |
       Dungeon |   2003 |   1871 |    132 |    534 |   1073 |   2 | 1001.5 |
               +--------+--------+--------+--------+--------+-----+--------+

Top non-repeatable levels by time:
     D:1: 1160 daAuts
     D:2: 843 daAuts
